 Dungeon Crawl Stone Soup version 0.19.4-8-ga85b6b9 (webtiles) character file.

74693 Rrauwl the Basher (level 15, -7/138 HPs)
             Began as a Gargoyle Berserker on Feb 10, 2017.
             Was a High Priest of Trog.
             Killed by divine providence
             ... invoked by an orc priest
              (14 damage)
             ... on level 2 of the Orcish Mines on Feb 13, 2017.
             The game lasted 02:18:56 (18888 turns).

Rrauwl the Basher (Gargoyle Berserker)             Turns: 18888, Time: 02:18:57

Health: -7/138     AC: 35    Str: 32    XL:     15   Next: 47%
Magic:  4/20       EV: 13    Int: 13    God:    Trog [*****.]
Gold:   1859       SH:  0    Dex: 10    Spells: 0 memorised, 14 levels left

rFire  . . .     SeeInvis .     j - +13 battleaxe of Notoh {flame, Str+3}
rCold  + + +     Gourm    .     d - +2 ice dragon scales
rNeg   + . .     Faith    .     (shield currently unavailable)
rPois  ∞         Spirit   .     X - +1 hat {Int+3}
rElec  +         Reflect  .     J - +1 cloak {MR+}
rCorr  .         Harm     .     a - +2 pair of gloves
MR     ++...     Rnd*Rage +     Q - +1 pair of boots
Stlth  ..........               C - amulet of regeneration
                                M - ring of protection from fire
                                K - ring of protection from cold

@: berserking, very quick
A: big wings, claws 1, horns 1, berserk 1, negative energy resistance 1,
electricity resistance, unbreathing, petrification resistance, rot immunity, AC
+11
a: Fly, Berserk, Trog's Hand, Brothers in Arms, Burn Spellbooks, Renounce
Religion


You were on level 2 of the Orcish Mines.
You worshipped Trog.
Trog was extremely pleased with you.
You were full.

You visited 3 branches of the dungeon, and saw 20 of its levels.
You visited the Abyss 1 time.

You collected 1859 gold pieces.

Inventory:

Hand Weapons
 f - a +8 eveningstar of protection
 j - the +13 battleaxe of Notoh (weapon) {flame, Str+3}
   (Trog gifted it to you on level 6 of the Lair of Beasts)

   It has been specially enchanted to burn those struck by it, causing extra
   injury to most foes and up to half again as much damage against particularly
   susceptible opponents.
   Big, fiery blades are also staple armaments of hydra-hunters.
   It affects your strength (+3).
 s - the +5 fustibalus "Jumpus" {venom, MR+}
   (You found it on level 6 of the Lair of Beasts)

   It poisons the ammo it fires.
   It affects your resistance to hostile enchantments.
Missiles
 T - 236 sling bullets (quivered)
Armour
 a - a +2 pair of gloves (worn)
 d - +2 ice dragon scales (worn)
 J - a +1 cloak of magic resistance (worn)
 Q - a +1 pair of boots (worn)
 X - a +1 hat of intelligence (worn)
Jewellery
 b - an uncursed ring of resist corrosion
 x - an uncursed ring of positive energy
 C - an amulet of regeneration (around neck)
 K - a ring of protection from cold (left hand)
 M - a ring of protection from fire (right hand)
Wands
 p - a wand of flame (37/48)
 q - a wand of polymorph (10/24)
 r - a wand of lightning (5/15)
 A - a wand of iceblast (9/15)
 G - a wand of acid (15/15)
Scrolls
 t - 7 scrolls of teleportation
 F - 6 scrolls of remove curse
 H - 8 scrolls of identify
 N - a scroll of summoning
 O - a scroll of blinking
Potions
 e - 2 potions of heal wounds
 n - a potion of invisibility
 E - 5 potions of might
Comestibles
 L - 11 fruits


   Skills:
 - Level 9.6 Fighting
 + Level 11.9(14.2) Axes
 - Level 14.0(15.8) Maces & Flails
 - Level 9.3 Armour
 - Level 7.0 Dodging
 - Level 9.0 Stealth
   Level 9.0 Shields
 - Level 7.0 Evocations


You had 14 spell levels left.
You didn't know any spells.

Dungeon Overview and Level Annotations

Branches:
Dungeon (12/15)            Temple (0/1) D:4            Lair (6/6) D:8
 Shoals (0/4) Lair:3        Snake (0/4) Lair:4        Slime (0/5) Lair:5
    Orc (2/2) D:12
    Elf: Orc:2

Altars:
Gozag
Makhleb
Sif Muna
Beogh

Shops:
D:8 }


Innate Abilities, Weirdness & Mutations

You are resistant to torment.
Your stone body is resilient. (AC +11)
You are immune to poison.
Your large and strong wings let you fly indefinitely.
You resist negative energy. (rN+)
You are resistant to electric shocks. (rElec)
You can survive without breathing.
You are immune to petrification.
You are immune to rotting.
You have sharp fingernails.
You have a pair of small horns on your head.
You tend to lose your temper in combat.


Message History

You are too berserk!
You are too berserk!
You open the orc warlord like a pillowcase!!!
You burn the orc warlord.
The orc warlord is almost dead.
You slash the soul eater! You burn the soul eater.
You hear a shout! x3
The orc high priest closely misses you. The orc warrior misses you.
The soul eater closely misses you.
The orc warrior hits you but does no damage.
You slice the orc warlord!! You burn the orc warlord.
You kill the orc warlord!
Trog accepts your kill.
You hit the soul eater but do no damage.
You slice the orc!! You burn the orc.
You kill the orc!
Trog accepts your kill.
The orc priest mumbles some strange prayers to Beogh against you.
Beogh smites you!
You die...

....##........
..........#... .
.........$... ..
.<.......... ..
........... ..
.......... .# .#
..$$.....#.#....
.....#.)<...#..
.o....3@)......#
.....T)))......#
.....oooo.......
.......4..§....#
.............##o
.............#
...............
.......#.#.....


You could see a soul eater, an orc high priest, a troll, a red devil, 3 orc
warriors and an orc priest.

Vanquished Creatures
  A lich (Abyss:2)
  An orc warlord (Orc:2)
  The ghost of tryingrandom the Executioner, a journeyman MiBe of Trog (Orc:2)
  A fire dragon (Lair:6)
  11 hydras
  Erica (Lair:1)
  4 death yaks (Lair:5)
  A sixfirhy (Abyss:2)
  A wretched star (Abyss:2)
  An obsidian statue (D:10)
  2 lindwurms (Lair:6)
  An orc knight (Orc:1)
  A necromancer (Abyss:2)
  3 hill giants
  2 cyclopes (D:12)
  An ugly thing (D:12)
  A worldbinder (Abyss:2)
  2 manticores (D:11)
  5 black mambas
  20 elephants
  Joseph (D:7)
  A smoke demon (Abyss:2)
  Psyche (D:12)
  An orange demon (Abyss:2)
  3 molten gargoyles (Lair:6)
  7 spiny frogs
  A torpor snail (Lair:6)
  2 rime drakes
  An efreet (Abyss:2)
  2 kobold demonologists (D:10)
  13 komodo dragons
  An ancient zyme (Abyss:2)
  2 polar bears
  A two-headed ogre (D:10)
  2 hornets
  4 large abominations (Abyss:2)
  2 trolls
  5 slime creatures
  Grinder (D:5)
  15 blink frogs
  8 hippogriffs
  6 dream sheep
  3 raiju (Abyss:2)
  4 spriggans (Lair:2)
  A hill giant zombie (D:12)
  40 yaks
  5 wyverns
  3 hungry ghosts
  4 basilisks
  2 steam dragons (D:8)
  2 vampire mosquitoes (D:12)
  A mottled dragon (Lair:6)
  7 wargs
  3 nagas (Lair:4)
  13 water moccasins
  5 hell hounds (Lair:6)
  An eye of draining (D:12)
  8 porcupines
  A sky beast (D:6)
  2 ice beasts
  4 black bears
  13 orc warriors
  A phantom (D:12)
  7 ogres
  12 wolves
  2 necrophages
  9 centaurs
  10 crocodiles
  5 big kobolds
  18 bullfrogs
  A gnoll sergeant (D:9)
  8 scorpions
  3 troll zombies (D:12)
  10 wights
  3 killer bees (D:9)
  2 vampire bats (Lair:4)
  6 howler monkeys
  8 crimson imps
  2 centaur zombies
  10 starcursed masses (Abyss:2)
  3 bullfrog zombies
  5 lava snakes (Lair:6)
  A quasit (D:12)
  A bullfrog skeleton (D:9)
  14 orc priests
  6 hounds
  3 jellies
  21 orc wizards
  8 iguanas
  9 worker ants
  A killer bee zombie (D:9)
  4 ogre zombies (D:12)
  2 worker ant zombies
  A howler monkey skeleton (D:8)
  12 adders
  11 gnolls
  2 shadow imps (D:5)
  2 oozes
  An adder zombie (D:9)
  An adder skeleton (D:4)
  A worm (D:2)
  3 dart slugs
  3 leopard geckos
  66 orcs
  13 bats
  6 giant cockroaches
  7 goblins
  5 hobgoblins
  6 jackals
  17 kobolds
  2 quokkas
  A ball python (D:1)
  7 frilled lizards
  A goblin skeleton (D:12)
  2 goblin zombies (D:12)
  A hobgoblin skeleton (D:12)
  2 hobgoblin zombies (D:12)
  A leopard gecko skeleton (D:4)
  5 orc skeletons (D:12)
  15 orc zombies
  A quokka skeleton (D:4)
  9 rats
  2 fungi
  2 plants
666 creatures vanquished.

Vanquished Creatures (collateral kills)
  A wyvern (D:10)
  3 wights (D:10)
  A hound (D:10)
5 creatures vanquished.

Vanquished Creatures (others)
  8 bushes (Lair:6)
  12 fungi
  A lurking horror (Abyss:2)
  13 plants
34 creatures vanquished.

Grand Total: 705 creatures vanquished

Notes
Turn   | Place    | Note
-------+----------+-------------------------------------------
     0 | D:1      | Rrauwl the Gargoyle Berserker began the quest for the Orb.
     0 | D:1      | Reached XP level 1. HP: 14/14 MP: 1/1
   147 | D:1      | Reached XP level 2. HP: 13/19 MP: 2/2
   220 | D:1      | Reached XP level 3. HP: 20/23 MP: 3/3
   252 | D:1      | Reached skill level 4 in Maces & Flails
   956 | D:2      | Reached XP level 4. HP: 28/28 MP: 4/4
   975 | D:2      | Reached ** piety under Trog
  1356 | D:2      | Gained mutation: You have very sharp teeth. [potion of beneficial mutation]
  1357 | D:2      | Lost mutation: You have very sharp teeth. [potion of cure mutation]
  1563 | D:2      | Reached skill level 1 in Stealth
  1787 | D:3      | Gained mutation: You have a pair of small horns on your head. [potion of mutation]
  1787 | D:3      | Gained mutation: You have sharp fingernails. [potion of mutation]
  1787 | D:3      | Gained mutation: Your large and strong wings let you fly indefinitely. [potion of mutation]
  1897 | D:3      | Reached skill level 5 in Maces & Flails
  2002 | D:3      | Reached XP level 5. HP: 29/32 MP: 5/5
  2249 | D:3      | You fall through a shaft!
  2462 | D:4      | Found a staircase to the Ecumenical Temple.
  2533 | D:4      | Reached skill level 6 in Maces & Flails
  2546 | D:4      | Reached XP level 6. HP: 31/37 MP: 6/6
  3156 | D:4      | Reached *** piety under Trog
  3156 | D:4      | Reached skill level 7 in Maces & Flails
  3536 | D:5      | Entered Level 5 of the Dungeon
  3536 | D:5      | Noticed Grinder
  3554 | D:5      | Killed Grinder
  3554 | D:5      | Reached skill level 8 in Maces & Flails
  3554 | D:5      | Reached XP level 7. HP: 28/41 MP: 7/7
  4039 | D:5      | Reached skill level 9 in Maces & Flails
  4039 | D:5      | Reached XP level 8. HP: 41/46 MP: 8/8
  4963 | D:6      | Reached skill level 10 in Maces & Flails
  5259 | D:6      | Reached **** piety under Trog
  5419 | D:6      | Reached skill level 11 in Maces & Flails
  5489 | D:6      | Reached XP level 9. HP: 48/51 MP: 9/9
  5494 | D:6      | Gained mutation: You tend to lose your temper in combat. [mutagenic meat]
  5811 | D:7      | Found a burning altar of Makhleb.
  5953 | D:7      | Got a twisted leather armour
  5964 | D:7      | Identified the +7 leather armour of Melancholy {rElec Str+3 Slay-4 Stlth+} (You found it on level 7 of the Dungeon)
  6037 | D:7      | Reached skill level 12 in Maces & Flails
  6313 | D:7      | Reached skill level 1 in Shields
  6481 | D:7      | Noticed Joseph
  6493 | D:7      | Reached skill level 1 in Evocations
  6505 | D:7      | Killed Joseph
  6589 | D:8      | Noticed a hornet
  6611 | D:8      | Killed a hornet
  6747 | D:8      | Reached XP level 10. HP: 58/58 MP: 11/11
  6926 | D:8      | Reached skill level 5 in Fighting
  6934 | D:8      | Found a staircase to the Lair.
  7004 | D:8      | Reached ***** piety under Trog
  7141 | D:8      | Found a burning altar of Makhleb.
  7173 | D:8      | Found Xileclil's Gadget Shoppe.
  7583 | D:8      | Found a deep blue altar of Sif Muna.
  7948 | D:9      | Reached skill level 5 in Armour
  7948 | D:9      | Reached skill level 5 in Stealth
  8042 | D:9      | Noticed a three-headed hydra
  8051 | D:9      | Killed a three-headed hydra
  8051 | D:9      | Reached XP level 11. HP: 64/64 MP: 13/13
  8320 | D:9      | Found an opulent altar of Gozag.
  8813 | Lair:1   | Entered Level 1 of the Lair of Beasts
  8846 | Lair:1   | Noticed a seven-headed hydra
  8875 | D:8      | Reached skill level 5 in Shields
  8955 | D:8      | Killed a seven-headed hydra
  9202 | Lair:1   | Noticed Erica
  9220 | Lair:1   | Killed Erica
  9568 | Lair:1   | Received a gift from Trog
  9661 | Lair:1   | Reached skill level 13 in Maces & Flails
  9847 | Lair:2   | Reached XP level 12. HP: 61/72 MP: 15/15
  9897 | Lair:2   | Reached skill level 5 in Dodging
  9910 | Lair:2   | Reached skill level 5 in Evocations
 10376 | Lair:2   | Noticed a six-headed hydra
 10394 | Lair:2   | Killed a six-headed hydra
 11381 | Lair:3   | Found a staircase to the Shoals.
 11830 | Lair:4   | Noticed a six-headed hydra
 11835 | Lair:4   | Killed a six-headed hydra
 11979 | Lair:4   | Reached XP level 13. HP: 78/78 MP: 17/17
 12052 | Lair:4   | Received a gift from Trog
 12086 | Lair:4   | Found a staircase to the Snake Pit.
 12830 | Lair:5   | Found a staircase to the Slime Pits.
 13609 | Lair:6   | Entered Level 6 of the Lair of Beasts
 13974 | Lair:6   | Mutation became permanent: Your large and strong wings let you fly indefinitely. [Gargoyle growth]
 13974 | Lair:6   | Reached XP level 14. HP: 76/86 MP: 19/19
 13997 | Lair:6   | Received a gift from Trog
 14001 | Lair:6   | Reached skill level 14 in Maces & Flails
 14005 | Lair:6   | Got a translucent battleaxe {god gift}
 14049 | Lair:6   | Identified the +13 battleaxe of Notoh {flame, Str+3} (Trog gifted it to you on level 6 of the Lair of Beasts)
 14191 | Lair:6   | Reached skill level 1 in Axes
 14628 | Lair:6   | Reached skill level 5 in Axes
 14939 | Lair:6   | Found a large runed door.
 14940 | Lair:6   | Found a large runed door.
 15010 | Lair:6   | Got a bloodstained fustibalus
 15015 | Lair:6   | Identified the +5 fustibalus "Jumpus" {venom, MR+} (You found it on level 6 of the Lair of Beasts)
 15492 | D:10     | Entered Level 10 of the Dungeon
 15716 | D:10     | Received a gift from Trog
 17058 | D:12     | Reached XP level 15. HP: 92/92 MP: 20/20
 17065 | D:12     | Noticed Psyche
 17072 | D:12     | Cast into level 2 of the Abyss (Psyche)
 17099 | Abyss:2  | Reached skill level 10 in Axes
 17431 | Abyss:2  | Noticed a lich
 17439 | Abyss:2  | Killed a lich
 17613 | D:12     | Escaped the Abyss
 17639 | D:12     | Killed Psyche
 17916 | D:12     | Found a staircase to the Orcish Mines.
 18347 | Lair:1   | Identified a scroll of acquirement
 18468 | Orc:1    | Entered Level 1 of the Orcish Mines
 18530 | Orc:1    | Found a roughly hewn altar of Beogh.
 18616 | Orc:1    | Received a gift from Trog
 18863 | Orc:2    | Entered Level 2 of the Orcish Mines
 18866 | Orc:2    | Noticed an orc warlord
 18866 | Orc:2    | Noticed tryingrandom's ghost (journeyman MiBe)
 18878 | Orc:2    | Killed tryingrandom's ghost
 18886 | Orc:2    | HP: 6/138 [orc warrior/glaive (24)]
 18888 | Orc:2    | Killed an orc warlord
 18888 | Orc:2    | Killed from afar by an orc priest

Skill      XL: |  1  2  3  4  5  6  7  8  9 10 11 12 13 14 15 |
---------------+----------------------------------------------+-----
Maces & Flails | 4 5 6 8 9 11 12 13 14 | 14.0
Stealth        | 1 3 5 6 8 9 |  9.0
Shields        | 2 4 5 7 8 9 |  9.0
Dodging        | 2 3 4 6 7 |  7.0
Evocations     | 1 3 4 5 7 |  7.0
Fighting       | 4 5 7 8 9 |  9.6
Armour         | 3 5 6 7 9 |  9.3
Axes           | 9 11 | 11.9

Action                   |  1- 3 |  4- 6 |  7- 9 | 10-12 | 13-15 || total
-------------------------+-------+-------+-------+-------+-------++-------
Melee: Mace              |    76 |       |       |       |       ||    76
       Whip              |    41 |   285 |   452 |   399 |       ||  1177
       Headbutt          |       |    34 |    93 |   206 |   194 ||   527
       Flail             |       |       |       |   503 |    39 ||   542
       Morningstar       |       |       |       |       |   356 ||   356
       Battleaxe         |       |       |       |       |   536 ||   536
 Fire: Fustibalus        |       |       |       |       |     1 ||     1
Invok: Berserk           |       |     2 |     5 |     9 |    12 ||    28
       Trog's Hand       |       |       |       |     3 |       ||     3
Evoke: Wand              |       |       |     1 |       |       ||     1
  Use: Potion            |     4 |     6 |     2 |     3 |     5 ||    20
       Scroll            |       |    12 |     5 |     6 |    11 ||    34
 Stab: Sleeping          |     1 |       |       |       |       ||     1
  Eat: Chunk             |       |     5 |     8 |    20 |    35 ||    68
       Beef jerky        |       |     1 |       |       |     1 ||     2
       Meat ration       |       |     1 |     1 |     1 |     2 ||     5
       Pizza             |       |     1 |       |       |     1 ||     2
       Fruit             |       |       |     3 |     2 |     5 ||    10
       Royal jelly       |       |       |       |       |     1 ||     1
Armor: Animal skin       |    25 |       |       |       |       ||    25
       Plate armour      |    21 |   166 |   170 |   405 |   553 ||  1315
       Ice dragon scales |       |       |       |       |    35 ||    35
Dodge: Dodged            |    82 |    69 |    60 |   165 |   384 ||   760
Block: Shield            |       |       |    30 |   337 |   159 ||   526
